 Dungeon Crawl Stone Soup version 0.29.1 (webtiles) character file.

Game seed: 6789973778353448289

242 sleeves the Trooper (level 5, 0/67 HPs)
             Began as a Draconian Brigand on Sept 13, 2022.
             Was a Follower of Hepliaklqana.
             Killed by divine providence
             ... invoked by an orc priest
              (14 damage)
             ... on level 4 of the Dungeon.
             The game lasted 00:07:49 (3105 turns).

sleeves the Trooper (Draconian Brigand)             Turns: 3105, Time: 00:07:50

Health: 0/67       AC:  7    Str: 13    XL:     5   Next: 82%
Magic:  5/5        EV: 11    Int: 14    God:    Hepliaklqana [*.....]
Gold:   147        SH:  0    Dex: 12    Spells: 4/4 levels left

rFire   . . .      SeeInvis .   a - +2 dagger
rCold   . . .      Faith    +   (no shield)
rNeg    . . .      Spirit   .   (body armour unavailable)
rPois   .          Reflect  .   (helmet restricted)
rElec   .          Harm     .   b - +0 cloak
rCorr   .          Rampage  .   k - +0 pair of gloves
Will    .....                   (no boots)
Stlth   ..........              m - amulet of faith
HPRegen 0.21/turn               (no ring)
MPRegen 0.09/turn               (no ring)

@: berserking, very quick
A: reduced essence, AC +5, unfitting armour, cold-blooded
a: Renounce Religion, Recall Ancestor, Ancestor Identity


You were on level 4 of the Dungeon.
You worshipped Hepliaklqana.
Hepliaklqana was aware of your devotion.
You visited 1 branch of the dungeon, and saw 4 of its levels.

You collected 147 gold pieces.

Inventory:

Hand Weapons
 a - a +2 dagger (weapon)
Missiles
 c - a poisoned dart (quivered)
 d - 3 curare-tipped darts
Armour
 b - a +0 cloak (worn)
 k - a +0 pair of gloves (worn)
   (You found it on level 1 of the Dungeon)
Jewellery
 m - an amulet of faith (around neck)
   (You found it on level 2 of the Dungeon)
Scrolls
 f - 3 scrolls of identify {unknown}
 g - 2 scrolls of enchant armour {unknown}
 o - a scroll of immolation {unknown}
 p - a scroll of enchant weapon {unknown}
 q - a scroll of poison {unknown}
 v - 3 scrolls of noise {unknown}
Potions
 h - a potion of haste {unknown}
 i - a potion of heal wounds {unknown}
 j - 2 potions of cancellation {unknown}
 l - 3 potions of brilliance {unknown}
 n - 3 potions of curing {unknown}
 r - a potion of might {unknown}
 s - 2 potions of magic {unknown}
 t - 2 potions of invisibility {unknown}
 u - a potion of lignification {unknown}


   Skills:
 - Level 6.0 Fighting
 + Level 3.0 Short Blades
 - Level 1.7 Throwing
 - Level 0.8 Dodging
 + Level 4.0 Stealth


You had 4 spell levels left.
You didn't know any spells.
Your spell library contained the following spells:

 Spells                   Type           Power      Damage    Failure   Level
 Foxfire                  Conj/Fire      0%         2x1d4     28%         1
 Conjure Flame            Conj/Fire      0%         6-21      65%         3
 Inner Flame              Hex/Fire       0%         N/A       65%         3
 Ozocubu's Armour         Ice            0%         N/A       65%         3
 Flame Wave               Conj/Fire      0%         2d4       96%         4
 Metabolic Englaciation   Hex/Ice        0%         N/A       100%        5
 Simulacrum               Ice/Necr       0%         N/A       100%        6


Dungeon Overview and Level Annotations

Branches:
Dungeon (4/15)
 Temple: D:4-7

Altars:
Hepliaklqana

Shops:
D:1 !?![

Annotations:
D:3 exclusion: 2 orc priests
D:4 Grinder


Innate Abilities, Weirdness & Mutations

Your life essence is reduced to manifest your ancestor. (-10% HP)
Your plain brown scales are hard. (AC +5)
You cannot fit into any form of body armour.
You are cold-blooded and may be slowed by cold attacks.


Message History

You hit the rat.
You kill the rat!
No target in view!
No target in view!
No target in view!
No target in view!
No target in view!
No target in view!
No target in view!
No target in view!
(D) Dungeon
Where to? (Enter - D:1 @ (x,y), ? - help)
k - a +0 pair of gloves
c - 9 poisoned darts (gained 2)
You pick up a book of Winter and begin reading...
You add the spells Ozocubu's Armour, Metabolic Englaciation and Simulacrum to your library.
Okay, then.
You aren't carrying any pieces of jewellery.
You start putting on your armour.
You continue putting on your +0 pair of gloves. x4
You finish putting on your +0 pair of gloves.
You now have 55 gold pieces (gained 9).
You see here a rat corpse.
An endoplasm comes into view.
An endoplasm is nearby!
An endoplasm is nearby!
An endoplasm is nearby!
You see here 18 gold pieces.
Found 2 purple potions.
The helpless endoplasm fails to defend itself.
You puncture the endoplasm!
You kill the endoplasm!
No target in view!
No target in view!
No target in view!
You now have enough gold to buy a potion of might on this level, or buy a potion of heal wounds on this level.
You can access your shopping list by pressing '$'.
You now have 73 gold pieces (gained 18).
l - 2 purple potions You see here a +0 whip.
Key pressed, stopping explore.
Things that are here:
a +0 short sword; 5 stones
There is an open door here.
There is an entrance to Cohacar's Magic Scroll Shop here.
Done exploring.
Done exploring.
Done exploring.
Done exploring.
Search for what [? for help]? weap
(D) Dungeon
Where to? (Enter - D:1 @ (x,y), ? - help)
There is a stone staircase leading down here.
You climb downwards.
Found 12 gold pieces.
There is a stone staircase leading up here.
Okay, then.
Found an escape hatch in the ceiling.
You now have enough gold to buy a scroll of enchant armour on D:1, or buy 2 potions of curing on D:1.
You can access your shopping list by pressing '$'.
You now have 85 gold pieces (gained 12).
You open the door.
There is an open door here.
A kobold comes into view. It is wielding a +0 short sword.
The helpless kobold fails to defend itself.
You impale the kobold!!
You kill the kobold!
No target in view!
No target in view!
No target in view!
An endoplasm comes into view.
An endoplasm is nearby!
m - an amulet of faith You start putting on your amulet.
You continue putting on your amulet of faith. x5
You finish putting on your amulet of faith.
You feel a strange surge of divine interest.
m - an amulet of faith (around neck)
You open the door.
An endoplasm is nearby!
An endoplasm is nearby!
An endoplasm is nearby!
A quokka comes into view.
Found a scroll labelled EKHOLY ZUUWKUE.
You see here a +0 short sword.
You see here a +0 short sword.
You hit the endoplasm.
The endoplasm is almost dead.
The endoplasm freezes you.
You are frozen.
You hit the endoplasm.
You kill the endoplasm!
No target in view!
No target in view!
No target in view!
No target in view!
No target in view!
No target in view!
No target in view!
No target in view!
HP restored.
A quokka is nearby!
A quokka is nearby!
Found a stone staircase leading down.
Found a smoky golden potion.
The helpless quokka fails to defend itself.
You puncture the quokka!
You kill the quokka!
No target in view!
n - a smoky golden potion
g - 2 scrolls labelled EKHOLY ZUUWKUE (gained 1)
An adder comes into view.
Found a fizzy black potion.
An adder is nearby!
You throw a poisoned dart. The poisoned dart hits the adder.
The adder is poisoned.
The adder hisses angrily.
The adder bites you but does no damage.
You hit the adder.
The adder is heavily wounded.
The adder looks more healthy.
The adder barely misses you.
You barely miss the adder.
The adder is severely wounded.
The adder closely misses you.
You miss the adder. You tail-slap the adder.
The adder is almost dead.
The adder bites you but does no damage.
You miss the adder.
The adder is almost dead.
The adder bites you but does no damage.
You closely miss the adder. Your punch misses the adder.
The adder is almost dead.
The adder barely misses you.
You closely miss the adder. You tail-slap the adder.
You kill the adder!
You have reached level 3!
Your experience leads to an increase in your attributes!
Increase (S)trength, (I)ntelligence, or (D)exterity?
You feel clever. x2; Your scales feel tougher.
There is a stone staircase leading down here.
You see here an adder corpse.
j - 2 fizzy black potions (gained 1)
c - 9 poisoned darts (gained 1)
Found a stone staircase leading down.
There is a stone staircase leading down here.
Found a stone staircase leading up.
Found 7 stones.
A kobold comes into view. It is wielding a +0 short sword.
Found a stone staircase leading up.
The kobold shouts!
You closely miss the kobold.
Your tail-slap misses the kobold.
The kobold closely misses you.
You hit the kobold.
You kill the kobold!
No target in view!
No target in view!
There is a stone staircase leading down here.
Found an escape hatch in the floor.
n - 2 smoky golden potions (gained 1)
Found a hazy altar of Hepliaklqana.
Found a falchion.
You see here a +0 falchion.
An adder comes into view.
Found a stone staircase leading down.
An adder is nearby!
An adder is nearby!
An adder comes into view.
There is a hazy altar of Hepliaklqana here.
You throw a poisoned dart. The poisoned dart hits the adder.
The adder hisses angrily.
You throw a poisoned dart. The poisoned dart hits the adder.
The adder is poisoned.
You hit the adder.
The adder is moderately wounded.
The adder bites you but does no damage.
You completely miss the adder.
The adder is heavily wounded.
The adder looks more healthy.
The adder barely misses you. The adder bites you but does no damage.
You barely miss the adder.
The adder is heavily wounded.
The adder closely misses you.
You hit the adder.
Your tail-slap misses the adder.
The adder is severely wounded.
The adder completely misses you.
You hit the adder.
The adder is almost dead.
The adder misses you.
You closely miss the adder.
The adder is almost dead.
The adder closely misses you.
You hit the adder.
You kill the adder!
Your Fighting skill increases to level 4!
No target in view!
No target in view!
An adder is nearby!
An adder is nearby!
You throw a poisoned dart. The poisoned dart hits the adder.
The adder is poisoned.
The adder hisses angrily.
You throw a poisoned dart. The poisoned dart hits the adder.
You hit the adder.
Your tail-slap misses the adder.
The adder is moderately wounded.
The adder bites you but does no damage.
You miss the adder.
The adder is heavily wounded.
The adder bites you but does no damage. The adder closely misses you.
You hit the adder.
You kill the adder!
No target in view!
No target in view!
No target in view!
No target in view!
No target in view!
c - 6 poisoned darts (gained 1)
c - 7 poisoned darts (gained 1)
A kobold comes into view. It is wielding a +0 dagger.
A kobold is nearby!
A kobold is nearby!
The kobold shouts!
You hear a shout!
A hobgoblin comes into view.
The kobold attacks as you move away! The kobold barely misses you.
The kobold attacks as you move away! The kobold hits you but does no damage.
The kobold attacks as you move away! The kobold hits you but does no damage.
The kobold attacks as you move away! The kobold hits you but does no damage.
You hit the kobold.
Your tail-slap misses the kobold.
The kobold is moderately wounded.
The kobold hits you but does no damage.
You closely miss the kobold.
Your tail-slap misses the kobold.
The kobold is moderately wounded.
The kobold hits you but does no damage.
You barely miss the kobold.
The kobold is moderately wounded.
The kobold hits you but does no damage.
You hit the kobold.
You kill the kobold!
The hobgoblin completely misses you.
Things that are here:
a +0 dagger; a kobold corpse You hit the hobgoblin.
The hobgoblin is moderately wounded.
The hobgoblin hits you but does no damage.
You hit the hobgoblin.
The hobgoblin is severely wounded.
The hobgoblin hits you but does no damage.
You hit the hobgoblin.
You kill the hobgoblin!
No target in view!
No target in view!
No target in view!
No target in view!
No target in view!
No target in view!
l - 3 purple potions (gained 1)
c - 8 poisoned darts (gained 1)
c - 9 poisoned darts (gained 1)
n - 3 smoky golden potions (gained 1)
o - a scroll labelled JAUJEG YMEG You open the door.
An adder comes into view.
An adder is nearby!
You throw a poisoned dart. The poisoned dart hits the adder.
The adder is poisoned.
The adder hisses angrily.
The adder bites you but does no damage.
You miss the adder.
The adder is heavily wounded.
The adder closely misses you.
You hit the adder.
You kill the adder!
No target in view!
No target in view!
No target in view!
No target in view!
No target in view!
No target in view!
No target in view!
You see here an adder corpse.
c - 9 poisoned darts (gained 1)
You open the door.
There is an open door here.
You see here a +3 sling.
You see here a +3 sling.
You open the door.
There is an open door here.
You now have 87 gold pieces (gained 2).
There is an open door here.
Done exploring.
You see here a +0 falchion.
Okay, then.
Search for what [Enter for "weap", or ? for help]? weap
There is a hazy altar of Hepliaklqana here.
You kneel at the altar of Hepliaklqana.
Hepliaklqana welcomes you!
Your amulet flashes!
Unknown command.
Press < or > to pray at altars.
Unknown command.
Press < or > to pray at altars.
Done exploring.
Done exploring.
Done exploring.
Done exploring.
(D) Dungeon
Where to? (Enter - D:2, ? - help)
Things that are here:
a +0 dagger; a kobold skeleton
There is a stone staircase leading down here.
You climb downwards.
Found a faded altar of an unknown god.
There is a stone staircase leading up here.
Done exploring.
Done exploring.
You climb upwards.
There is a stone staircase leading down here.
There is an open door here.
There is a stone staircase leading down here.
You climb downwards.
There is a stone staircase leading up here.
An adder comes into view.
An adder is nearby!
An adder is nearby!
An adder is nearby!
You throw a poisoned dart. The poisoned dart hits the adder.
The adder is poisoned.
The adder hisses angrily.
You hit the adder but do no damage.
Your tail-slap misses the adder.
The adder is lightly wounded.
The adder bites you but does no damage.
You barely miss the adder.
Your tail-slap misses the adder.
The adder is moderately wounded.
The adder bites you but does no damage.
You hit the adder.
Your tail-slap misses the adder.
The adder is heavily wounded.
The adder misses you.
You barely miss the adder.
The adder is severely wounded.
The adder looks more healthy.
The adder bites you but does no damage.
You hit the adder.
You kill the adder!
You have reached level 4!
You feel clever.
c - 9 poisoned darts (gained 1)
A hobgoblin comes into view.
A hobgoblin is nearby!
Okay, then.
Found 2 gold pieces.
The hobgoblin shouts!
You closely miss the hobgoblin. The hobgoblin misses you.
You closely miss the hobgoblin. The hobgoblin barely misses you.
You hit the hobgoblin but do no damage. You closely miss the hobgoblin.
You tail-slap the hobgoblin.
The hobgoblin is almost dead.
The hobgoblin misses you.
You hit the hobgoblin.
You kill the hobgoblin!
Jessica the Apprentice Sorceress comes into view.
She is wielding a +0 dagger.
You see here a scroll labelled YSTAGOTEWIGH.
No target in view!
p - a scroll labelled YSTAGOTEWIGH You now have 89 gold pieces (gained 2).
A worm comes into view.
A worm is nearby!
Found a book of Flames.
Jessica shouts!
You throw a poisoned dart. The poisoned dart hits Jessica.
Jessica is poisoned.
You throw a poisoned dart. The poisoned dart hits Jessica.
Okay, then.
Throw: 7 darts (poison)
Press: ? - help, Q - select action, (/) - cycle Shift-Dir - straight line, f/p - Jessica
Aim: Jessica, wielding a +0 dagger and wearing a +0 robe (moderately wounded, poisoned, 59% to hit)
You throw a poisoned dart.
The poisoned dart barely misses Jessica.
Throw: 6 darts (poison)
Press: ? - help, Q - select action, (/) - cycle Shift-Dir - straight line, f/p - Jessica
Aim: Jessica, wielding a +0 dagger and wearing a +0 robe (moderately wounded, poisoned, 59% to hit)
You throw a poisoned dart. The poisoned dart hits Jessica.
Jessica is moderately wounded.
You hit Jessica but do no damage.
Jessica is moderately wounded.
Jessica barely misses you.
You completely miss Jessica.
Jessica is moderately wounded.
Jessica looks more healthy.
Jessica hits you with a +0 dagger.
You hit Jessica.
Jessica is heavily wounded.
Jessica points at you and mumbles some strange words.
You feel yourself slow down.
You hit Jessica.
Jessica is severely wounded.
Jessica hits you but does no damage.
You hit Jessica.
Jessica is almost dead.
Jessica hits you with a +0 dagger.
Throw: 5 darts (poison)
Press: ? - help, Q - select action, (/) - cycle Shift-Dir - straight line, f/p - Jessica
Aim: Jessica, wielding a +0 dagger and wearing a +0 robe (almost dead, 59% to hit)
You throw a poisoned dart. The poisoned dart hits Jessica.
Jessica is poisoned.
Jessica is almost dead.
You kill Jessica!
Your Fighting skill increases to level 5!
c - 5 poisoned darts (gained 1)
Things that are here:
a +0 dagger; a +0 robe You feel yourself speed up.
A worm is nearby!
A worm is nearby!
You throw a poisoned dart. The poisoned dart hits the worm.
The worm is poisoned.
You throw a poisoned dart. The poisoned dart hits the worm.
The worm looks even sicker.
You hit the worm.
The worm is moderately wounded.
You hit the worm.
The worm is heavily wounded.
The worm bites you but does no damage.
You barely miss the worm. You tail-slap the worm.
The worm is severely wounded.
You hit the worm.
Your tail-slap misses the worm.
The worm is almost dead.
The worm bites you!
You hit the worm but do no damage. You tail-slap the worm.
The worm is almost dead.
You hit the worm.
The worm is almost dead.
You kill the worm!
No target in view!
No target in view!
No target in view!
No target in view!
No target in view!
No target in view!
No target in view!
No target in view!
No target in view!
No target in view!
HP restored.
c - 4 poisoned darts (gained 1)
c - 5 poisoned darts (gained 1)
c - 7 poisoned darts (gained 2)
A frilled lizard and a bat come into view.
There are monsters nearby!
There are monsters nearby!
There are monsters nearby!
An endoplasm comes into view.
The frilled lizard hisses angrily.
You see here a book of Flames.
You pick up a book of Flames and begin reading...
You add the spells Foxfire, Conjure Flame, Inner Flame and Flame Wave to your library.
You hit the frilled lizard.
You kill the frilled lizard!
No target in view!
No target in view!
No target in view!
No target in view!
No target in view!
No target in view!
No target in view!
No target in view!
No target in view!
No target in view!
No target in view!
No target in view!
No target in view!
c - 8 poisoned darts (gained 1)
c - 9 poisoned darts (gained 1)
The endoplasm freezes you.
You are frozen.
You hit the endoplasm.
The endoplasm is severely wounded.
The endoplasm freezes you.
You are frozen.
You feel yourself slow down.
You hit the endoplasm.
You kill the endoplasm!
No target in view!
No target in view!
No target in view!
No target in view!
No target in view!
No target in view!
No target in view!
No target in view!
No target in view!
No target in view!
You feel yourself speed up.
You see here a frilled lizard corpse.
A bat is nearby!
A bat is nearby!
The bat hits you.
You hit the bat.
The bat is severely wounded.
The bat hits you but does no damage.
You hit the bat.
You kill the bat!
No target in view!
No target in view!
You now have enough gold to buy 3 scrolls of teleportation on D:1.
You can access your shopping list by pressing '$'.
You now have 94 gold pieces (gained 5).
A dart slug comes into view.
A dart slug is nearby!
You see here a scroll labelled OTUASHUJIFI.
The helpless dart slug fails to defend itself.
You impale the dart slug!!
You kill the dart slug!
No target in view!
No target in view!
No target in view!
No target in view!
No target in view!
No target in view!
Okay, then.
q - a scroll labelled OTUASHUJIFI An orc comes into view.
It is wielding a +0 club.
You see here a dart slug corpse.
An orc is nearby!
An orc is nearby! 2 orc priests come into view.
You see here a dart slug corpse.
The orc hits you but does no damage.
You closely miss the orc.
Your tail-slap misses the orc.
The orc barely misses you.
You closely miss the orc. You tail-slap the orc.
The orc is severely wounded.
The orc hits you with a +0 club.
You barely miss the orc.
The orc is severely wounded.
The orc hits you but does no damage.
You hit the orc.
You kill the orc!
No target in view!
No target in view!
No target in view!
No target in view!
No target in view!
You start resting.
HP restored.
Found 16 gold pieces.
Found a stone staircase leading down.
Found an escape hatch in the ceiling.
You now have 110 gold pieces (gained 16).
Found a leather armour.
r - a bubbling brown potion
Found an escape hatch in the floor.
Found a stone staircase leading up.
Found a stone staircase leading down.
A rat comes into view.
Found a dagger.
The rat closely misses you.
You hit the rat.
The rat is heavily wounded.
The rat misses you.
You hit the rat.
You kill the rat!
No target in view!
No target in view!
No target in view!
No target in view!
No target in view!
No target in view!
No target in view!
You now have enough gold to buy a +0 kite shield of fire resistance on D:1.
You can access your shopping list by pressing '$'.
You now have 127 gold pieces (gained 17).
An adder comes into view.
An adder is nearby!
You throw a poisoned dart. The poisoned dart hits the adder.
The adder is poisoned.
The adder hisses angrily.
The adder closely misses you. The adder bites you but does no damage.
You barely miss the adder.
The adder is lightly wounded.
The adder closely misses you.
You hit the adder.
Your tail-slap misses the adder.
The adder is severely wounded.
The adder bites you but does no damage.
You hit the adder but do no damage.
The adder is severely wounded.
The adder bites you.
You hit the adder. You tail-slap the adder.
You kill the adder!
No target in view!
No target in view!
No target in view!
No target in view!
No target in view!
No target in view!
No target in view!
No target in view!
No target in view!
No target in view!
Found a whip.
You see here an adder corpse.
A shadow imp comes into view.
Found a stone staircase leading down.
A shadow imp is nearby!
The shadow imp shouts, "Begone, thou hateful weeb-spouting brigand!"
Press: ? - help, v - describe, . - travel
Here: a shadow imp The floor.
A frilled lizard comes into view.
The shadow imp lashes its tail.
The shadow imp hits you.
The frilled lizard hisses angrily.
You hit the shadow imp.
The shadow imp is moderately wounded.
The shadow imp gestures at you. Pain shoots through your body!
You completely miss the shadow imp. You tail-slap the shadow imp.
The shadow imp is heavily wounded.
The shadow imp closely misses you.
You hit the shadow imp.
The shadow imp is severely wounded.
The shadow imp gestures at you. Pain shoots through your body!
You are too injured to fight recklessly!
You are too injured to fight recklessly!
You are too injured to fight recklessly!
You are too injured to fight recklessly!
You are too injured to fight recklessly!
You are too injured to fight recklessly!
You are too injured to fight recklessly!
You are too injured to fight recklessly!
You are too injured to fight recklessly!
You are too injured to fight recklessly!
You are too injured to fight recklessly!
You are too injured to fight recklessly!
You are too injured to fight recklessly!
You are too injured to fight recklessly!
You are too injured to fight recklessly!
You are too injured to fight recklessly!
You closely miss the shadow imp.
The shadow imp is severely wounded.
The shadow imp closely misses you. The frilled lizard bites you.
* * * LOW HITPOINT WARNING * * *
You barely miss the shadow imp.
The shadow imp is severely wounded.
The frilled lizard barely misses you. The shadow imp barely misses you.
You hit the shadow imp.
Your tail-slap misses the shadow imp.
The shadow imp is severely wounded.
The shadow imp barely misses you.
The frilled lizard bites you but does no damage.
You closely miss the shadow imp.
The shadow imp is severely wounded.
The shadow imp misses you.
The frilled lizard bites you but does no damage.
You barely miss the shadow imp.
The shadow imp is severely wounded.
You hit the shadow imp.
Your tail-slap misses the shadow imp.
The shadow imp is almost dead.
The shadow imp barely misses you.
The frilled lizard bites you but does no damage.
You hit the shadow imp.
You kill the shadow imp!
The frilled lizard barely misses you.
The frilled lizard bites you but does no damage.
You hit the frilled lizard.
You kill the frilled lizard!
You see here a frilled lizard corpse.
c - 9 poisoned darts (gained 1)
A ball python comes into view.
A ball python is nearby!
A ball python is nearby!
Found 2 fizzy red potions.
The helpless ball python fails to defend itself.
You puncture the ball python!
You kill the ball python!
No target in view!
No target in view!
No target in view!
No target in view!
No target in view!
No target in view!
s - 2 fizzy red potions You open the door.
There is an open door here.
Found 5 stones.
Found a short sword.
Hepliaklqana forms a fragment of your life essence into the memory of your ancestor, Agathoclea!
You can now recall your ancestor.
You can now remember your ancestor's identity.
You swap places.
You can no longer recall your ancestor.
You can no longer remember your ancestor's identity.
Agathoclea returns to the mists of memory.
Okay, then.
An adder comes into view.
An adder is nearby!
An adder is nearby!
An adder is nearby!
Hepliaklqana forms a fragment of your life essence into the memory of your ancestor, Agathoclea!
You can now recall your ancestor.
You can now remember your ancestor's identity.
A bat comes into view.
Found a spiked helmet.
The adder hisses angrily.
The bat misses you.
You closely miss the adder. The bat barely misses you.
The bat barely misses Agathoclea.
The adder closely misses you.
You hit the adder.
The adder is lightly wounded.
The bat barely misses you.
Agathoclea misses the adder.
The adder bites you but does no damage.
You barely miss the adder.
The adder is lightly wounded.
The bat hits you but does no damage.
Agathoclea closely misses the adder.
The adder barely misses you.
You barely miss the adder.
The adder is lightly wounded.
The adder bites you.
Agathoclea misses the adder.
The bat closely misses you.
You miss the adder.
The adder is lightly wounded.
The bat misses you. The adder closely misses you.
Agathoclea hits the adder.
You hit the adder.
The adder is heavily wounded.
The bat hits you but does no damage. The adder bites you but does no damage.
Agathoclea barely misses the adder.
The adder barely misses you.
You hit the adder but do no damage.
The adder is heavily wounded.
The bat hits you but does no damage.
Agathoclea hits the adder.
The adder bites Agathoclea.
You catch the helpless adder completely off-guard!
You puncture the adder!
You kill the adder!
The bat hits you but does no damage.
Agathoclea misses the bat.
You have reached level 5!
The bat closely misses you. The bat barely misses you.
You closely miss the bat. The bat misses you.
You swap places.
Found 3 stones.
The bat hits you but does no damage. The bat hits you.
The bat barely misses you. The bat hits you but does no damage.
You hit the bat.
Your tail-slap misses the bat.
The bat is moderately wounded.
The bat closely misses you.
The bat closely misses Agathoclea.
Agathoclea closely misses the bat.
You swap places.
The bat hits you but does no damage.
You see here the +0 helmet "Vosaeg" {Int+6}.
You hit the bat.
You kill the bat!
No target in view!
No target in view!
You swap places.
You see here the +0 helmet "Vosaeg" {Int+6}.
You swap places.
You swap places.
Key pressed, stopping explore.
You see here 5 stones.
You see here a ball python skeleton.
You open the door. You open the door.
There is an open door here.
Found a ring mail.
An adder comes into view.
You see here a +0 ring mail.
Found 3 stones.
The helpless adder fails to defend itself.
You puncture the adder!
You kill the adder!
No target in view!
No target in view!
No target in view!
No target in view!
No target in view!
No target in view!
No target in view!
A giant cockroach comes into view.
A giant cockroach is nearby!
A giant cockroach is nearby!
A bat comes into view.
The bat hits you but does no damage.
You hit the bat but do no damage. The bat barely misses you.
The bat hits you but does no damage.
Agathoclea closely misses the giant cockroach.
You hit the giant cockroach.
The giant cockroach is severely wounded.
The bat hits you but does no damage. The giant cockroach closely misses you.
You barely miss the giant cockroach.
The giant cockroach is severely wounded.
The bat closely misses you. The bat hits you but does no damage.
Agathoclea closely misses the giant cockroach.
The giant cockroach bites you but does no damage.
The bat barely misses you.
You hit the giant cockroach.
You kill the giant cockroach!
The bat hits you but does no damage.
You closely miss the bat. The bat hits you but does no damage.
Agathoclea hits the bat.
The bat dies!
No target in view!
No target in view!
No target in view!
No target in view!
No target in view!
No target in view!
No target in view!
t - 2 inky potions You now have 139 gold pieces (gained 12).
You see here 3 stones.
A ball python comes into view.
A ball python is nearby!
Unknown command.
There is an escape hatch in the ceiling here.
There is a stone staircase leading down here.
You climb downwards.
Found a scroll labelled SETHYL ALOEWI and a wand of polymorph (7).
Found a stone staircase leading down.
There is a stone staircase leading up here.
You aren't carrying any items that you can evoke.
You climb upwards.
Level annotation: exclusion: 2 orc priests
There is a stone staircase leading down here.
There is a stone staircase leading down here.
You climb downwards.
Level annotation: Grinder
There is a stone staircase leading up here.
Found a pink potion.
The helpless endoplasm fails to defend itself.
You impale the endoplasm!!
You kill the endoplasm!
u - a pink potion
Found 4 stones.
Found a spear.
A ball python comes into view.
The ball python hisses angrily.
Found 8 gold pieces.
You hit the ball python.
You kill the ball python!
No target in view!
No target in view!
You see here a ball python corpse.
You now have 147 gold pieces (gained 8).
f - 2 scrolls labelled GOBET WEPORRONO (gained 1)
A jackal comes into view.
Found 3 scrolls labelled SETHYL ALOEWI.
A jackal is nearby!
A jackal is nearby!
A jackal comes into view.
The jackal barks! x2
Found a stone staircase leading up.
The jackal bites you but does no damage.
You hit the jackal.
Your tail-slap misses the jackal.
The jackal is moderately wounded.
You hit the jackal but do no damage.
The jackal is moderately wounded.
The jackal bites you but does no damage. x2
You barely miss the jackal. You tail-slap the jackal.
You kill the jackal!
The jackal barely misses you.
Agathoclea closely misses the jackal.
The jackal bites you but does no damage.
You hit the jackal.
The jackal is moderately wounded.
Agathoclea barely misses the jackal.
The jackal closely misses you.
You closely miss the jackal.
The jackal is moderately wounded.
The jackal barely misses you.
Agathoclea barely misses the jackal.
You closely miss the jackal.
The jackal is moderately wounded.
The jackal bites you.
Agathoclea barely misses the jackal.
You hit the jackal.
The jackal is severely wounded.
The jackal closely misses you.
Agathoclea closely misses the jackal.
The jackal barely misses you.
You barely miss the jackal.
The jackal is severely wounded.
The jackal barely misses you.
Agathoclea barely misses the jackal.
You closely miss the jackal.
The jackal is severely wounded.
The jackal bites you.
Agathoclea hits the jackal.
You hit the jackal.
You kill the jackal!
No target in view!
No target in view!
No target in view!
No target in view!
HP restored.
f - 3 scrolls labelled GOBET WEPORRONO (gained 1)
v - 3 scrolls labelled SETHYL ALOEWI An orc comes into view.
It is wielding a +0 club.
Found a stone staircase leading down.
An orc is nearby!
An orc wizard comes into view. It is wielding a +0 dagger.
The orc wizard shouts!
The orc wizard mumbles some strange words.
The orc wizard flickers and vanishes!
Deactivating autopickup; reactivate with Ctrl-A.
An orc comes into view. It is wielding a +0 trident.
You swap places.
Agathoclea hits something.
Something enters a dispersal trap!
You blink.
Found a short sword, 5 stones and 5 gold pieces.
There is a stone staircase leading up here.
You climb upwards.
Level annotation: exclusion: 2 orc priests Reactivating autopickup.
There is a stone staircase leading down here.
Agathoclea is recalled.
You climb downwards.
Level annotation: Grinder
There is a stone staircase leading up here.
An ogre comes into view. It is wielding a +0 giant spiked club.
An ogre is nearby!
Throw: 9 darts (poison)
Press: ? - help, Q - select action, (/) - cycle Shift-Dir - straight line, f - ogre
Aim: an ogre, wielding a +0 giant spiked club (asleep, 98% to hit)
You throw a poisoned dart. The poisoned dart hits the ogre.
The ogre is poisoned.
The ogre shouts!
Throw: 8 darts (poison)
Press: ? - help, Q - select action, (/) - cycle Shift-Dir - straight line, f/p - ogre
Aim: an ogre, wielding a +0 giant spiked club (poisoned, ally target, 74% to hit)
You throw a poisoned dart. The poisoned dart hits the ogre.
The ogre looks even sicker.
Throw: 7 darts (poison)
Press: ? - help, Q - select action, (/) - cycle Shift-Dir - straight line, f/p - ogre
Aim: an ogre, wielding a +0 giant spiked club (very poisoned, ally target, 74% to hit)
You throw a poisoned dart.
The poisoned dart barely misses the ogre.
A dart slug comes into view.
Throw: 6 darts (poison)
Press: ? - help, Q - select action, (/) - cycle Shift-Dir - straight line, f/p - ogre
Aim: an ogre, wielding a +0 giant spiked club (very poisoned, ally target, 74% to hit)
You throw a poisoned dart. The poisoned dart hits the ogre.
The ogre looks even sicker.
Throw: 5 darts (poison)
Press: ? - help, Q - select action, (/) - cycle Shift-Dir - straight line, f/p - ogre
Aim: an ogre, wielding a +0 giant spiked club (very poisoned, ally target, 74% to hit)
You throw a poisoned dart.
The poisoned dart barely misses the ogre.
Agathoclea closely misses the ogre.
Throw: 4 darts (poison)
Press: ? - help, Q - select action, (/) - cycle Shift-Dir - straight line, f/p - ogre
Aim: an ogre, wielding a +0 giant spiked club (very poisoned, ally target, 74% to hit)
You throw a poisoned dart.
The poisoned dart completely misses the ogre.
The poisoned dart hits the dart slug.
The dart slug is poisoned.
Agathoclea barely misses the ogre.
Throw: 3 darts (poison)
Press: ? - help, Q - select action, (/) - cycle Shift-Dir - straight line, f/p - ogre
Aim: an ogre, wielding a +0 giant spiked club (very poisoned, ally target, 74% to hit)
You throw a poisoned dart. The poisoned dart hits the ogre.
The ogre looks as sick as possible!
You barely miss the ogre. You tail-slap the ogre.
The ogre is lightly wounded.
The ogre hits you with a +0 giant spiked club!!
Ouch! That really hurt!
* * * LOW HITPOINT WARNING * * *
Agathoclea hits the ogre.
Agathoclea hits the ogre.
The dart slug briefly extends its eye-stalks.
There is a stone staircase leading up here.
You kill the dart slug!
The orc wizard gestures at you while chanting.
You resist with some effort.
An orc priest comes into view. It is wielding a +0 short sword.
You see here a jackal corpse.
The orc wizard barely misses you.
The orc wizard attacks as you move away!
The orc wizard hits you with a +0 dagger.
* * * LOW HITPOINT WARNING * * *
You feel a bit more experienced.
Training target 6.0 for Fighting reached!
Your Fighting skill increases to level 6!
Your Short Blades skill increases to level 3!
Your Stealth skill increases to level 4!
You hit the orc wizard.
The orc wizard is moderately wounded.
The orc wizard barely misses you.
You hit the orc wizard but do no damage.
The orc wizard is moderately wounded.
The orc wizard hits you but does no damage.
Agathoclea hits the orc wizard.
You hit the orc wizard but do no damage.
The orc wizard is moderately wounded.
Agathoclea hits the orc wizard.
Throw: 2 darts (poison)
Press: ? - help, Q - select action, (/) - cycle Shift-Dir - straight line, f - orc wizard
Aim: an orc wizard, wielding a +0 dagger and wearing a +0 robe (severely wounded, ally target, 53% to hit)
You throw a poisoned dart.
The poisoned dart closely misses the orc wizard.
Agathoclea avoids your attack.
The poisoned dart hits the orc priest.
The orc priest is poisoned.
The orc wizard hits you with a +0 dagger.
* * * LOW HITPOINT WARNING * * *
The orc wizard attacks as you move away!
The orc wizard hits you but does no damage.
Agathoclea completely misses the orc wizard.
The orc wizard points at you and mumbles some strange words.
The magic dart hits you!
* * * LOW HITPOINT WARNING * * *
The orc priest hits Agathoclea with a +0 short sword.
Agathoclea closely misses the orc wizard.
The orc priest hits Agathoclea with a +0 short sword.
A red film seems to cover your vision as you go berserk!
You feel yourself moving faster!
You feel mighty!
You completely miss the orc wizard.
The orc wizard is severely wounded.
The orc wizard closely misses you.
The orc priest invokes the aid of Beogh against you.
Beogh smites you!
You die...

.##...##.#######...##..##
........................#
........................#
......................).#
.##......##..o...(......#
.##......##............##
..........(oR.........†.#
.........#######o.......#
.........## #@......##
###...o.R.+ #........# .
#.....†## #........#
.##......## #.......########
......o...# #.......##.....#
..........# #.......##.....#
.##......## .##.......##<....#
.##......##...##..............#
.......<......#........##.....#


You could see an orc priest (poisoned) and an orc wizard.

Vanquished Creatures
  An ogre (D:4)
  Jessica (D:3)
  8 adders
  A shadow imp (D:3)
  A worm (D:3)
  2 dart slugs
  An orc (D:3)
  7 endoplasms
  A giant cockroach (D:3)
  A goblin (D:1)
  5 hobgoblins
  2 jackals (D:4)
  A quokka (D:2)
  5 ball pythons
  3 bats
  2 frilled lizards (D:3)
  4 kobolds
  4 rats
50 creatures vanquished.

Vanquished Creatures (collateral kills)
  A bat (D:3)
1 creature vanquished.

Grand Total: 51 creatures vanquished

Notes
Turn   | Place    | Note
-------+----------+-------------------------------------------
     0 | D:1      | sleeves the Draconian Brigand began the quest for the Orb.
     0 | D:1      | Reached XP level 1. HP: 17/17 MP: 1/1
    41 | D:1      | Found Dalog's Distillery.
    50 | D:1      | Found Ateyhoel's Armour Shoppe.
    93 | D:1      | Found Titiofup's Distillery.
   154 | D:1      | HP: 9/18 [frozen (4)]
   426 | D:1      | Reached skill level 3 in Fighting
   427 | D:1      | Reached XP level 2. HP: 26/26 MP: 2/2
   635 | D:1      | Found Cohacar's Magic Scroll Shop.
  1061 | D:2      | Reached XP level 3. HP: 33/33 MP: 3/3
  1411 | D:2      | Found a hazy altar of Hepliaklqana.
  1443 | D:2      | Reached skill level 4 in Fighting
  1693 | D:2      | Became a worshipper of Hepliaklqana the Forgotten
  1705 | D:3      | Found a faded altar of an unknown god.
  1748 | D:3      | Reached XP level 4. HP: 41/41 MP: 4/4
  1765 | D:3      | Noticed Jessica
  1825 | D:3      | Killed Jessica
  1826 | D:3      | Reached skill level 5 in Fighting
  2265 | D:3      | HP: 21/42 [frilled lizard (1)]
  2534 | D:3      | Reached * piety under Hepliaklqana
  2650 | D:3      | Reached XP level 5. HP: 45/45 MP: 5/5
  2656 | D:3      | Identified the +0 helmet "Vosaeg" {Int+6}
  2892 | D:4      | Noticed Grinder
  3072 | D:4      | Noticed an ogre
  3080 | D:4      | HP: 20/45 [ogre/+0 giant spiked club (25)]
  3091 | D:4      | HP: 20/45 [orc wizard/+0 dagger (2)]
  3092 | D:4      | Killed an ogre
  3093 | D:4      | Reached skill level 6 in Fighting
  3093 | D:4      | Reached skill level 3 in Short Blades
  3093 | D:4      | Reached skill level 4 in Stealth
  3100 | D:4      | HP: 18/45 [orc wizard/+0 dagger (3)]
  3101 | D:4      | HP: 8/45 [orc wizard/magic dart (10)]
  3105 | D:4      | Killed from afar by an orc priest

Illustrated notes

Levels and vault maps discovered:
D:1:      mainiacjoe_arrival_reflecting_pool, layout_rooms, serial_shops,
          nicolae_shop_hallway_plus,
          nicolae_shop_temple_entry_statues_fountains,
          nicolae_shop_hallway_stairs, nicolae_shop_trees, minmay_bisected
D:2:      layout_basic, basic_altar, solitary_fountain
D:3:      layout_basic, nicolae_ecumenical_oubliette,
          minmay_misc_feat_nine_boxes, uniq_jessica
D:4:      layout_gridville, uniq_grinder, uniq_pargi

Skill      XL: |  1  2  3  4  5 |
---------------+----------------+-----
Fighting       | 3 4 5 6 |  6.0
Short Blades   | 3 |  3.0
Stealth        | 4 |  4.0
Throwing       | |  1.7
Dodging        | |  0.8

Action                   |  1- 3 |  4- 6 || total
-------------------------+-------+-------++-------
Melee: Dagger            |    81 |    78 ||   159
       Tailslap          |     8 |     8 ||    16
Throw: Dart              |    12 |    16 ||    28
Invok: Recall Ancestor   |       |     1 ||     1
  Use: Potion            |     1 |     1 ||     2
 Stab: Sleeping          |     4 |     4 ||     8
       Distracted        |       |     1 ||     1
Armor: Skin              |    45 |    33 ||    78
Dodge: Dodged            |    54 |    44 ||    98
